 Dungeon Crawl Stone Soup version 0.28-a0-998-gb9e9c7b67e (webtiles) character file.

Game seed: 7367575793163952300

68667 hansi the Severer (level 15, 0/132 HPs)
             Began as a Hill Orc Fighter on Dec 6, 2021.
             Was an Elder of Makhleb.
             Slain by a five-headed hydra (1 damage)
             ... while petrified by a catoblepas
             ... on level 6 of the Lair of Beasts.
             The game lasted 01:11:29 (19439 turns).

hansi the Severer (Hill Orc Fighter)               Turns: 19439, Time: 01:11:29

Health: 0/132      AC: 22    Str: 27    XL:     15   Next: 27%
Magic:  19/19      EV:  2    Int:  8    God:    Makhleb [****..]
Gold:   1059       SH:  0    Dex: 10    Spells: 19/19 levels left

rFire   . . .      SeeInvis .   b - +0 whip (vamp)
rCold   + . .      Faith    .   c - +0 buckler
rNeg    + + +      Spirit   .   N - +0 plate armour {rC+}
rPois   ∞          Reflect  +   q - +0 helmet
rElec   .          Harm     .   t - +0 cloak
rCorr   +          Rampage  .   (no gloves)
Will    +....                   (no boots)
Stlth   ..........              y - amulet of reflection
HPRegen 0.32/turn               l - +4 ring of protection
MPRegen 0.16/turn               F - ring of resist corrosion

@: lethally poisoned (0 -> 0), petrified
A: no striking features
a: Renounce Religion, Minor Destruction, Lesser Servant of Makhleb, Major
Destruction


You were on level 6 of the Lair of Beasts.
You worshipped Makhleb.
Makhleb was greatly pleased with you.
You visited 3 branches of the dungeon, and saw 16 of its levels.

You collected 1104 gold pieces.
You spent 45 gold pieces at shops.

Inventory:

Hand Weapons
 a - a +3 vampiric war axe
 b - a +0 vampiric whip (weapon)
 O - a +3 flail
Missiles
 e - 360 stones (quivered)
 w - a throwing net
Armour
 c - a +0 buckler (worn)
 q - a +0 helmet (worn)
 t - a +0 cloak (worn)
 H - the +0 hat of Olatsuff {SInv}
   (You found it on level 2 of the Lair of Beasts)

   SInv:      It lets you see invisible.
 M - the +1 scale mail "Verogex" {rElec rN+}
   (You found it on level 9 of the Dungeon)

   rElec:     It insulates you from electricity.
   rN:        It protects you from negative energy.
 N - a +0 plate armour of cold resistance (worn)
 U - the +5 chain mail "Rullaniz" {rElec}
   (You found it on level 4 of the Lair of Beasts)

   rElec:     It insulates you from electricity.
Jewellery
 f - an amulet of the acrobat
 l - a +4 ring of protection (left hand)
 r - an amulet of regeneration
 y - an amulet of reflection (around neck)
 F - a ring of resist corrosion (right hand)
 P - the amulet of Thoughtfulness {Spirit rN+ rCorr Str-2}
   (You found it on level 2 of the Lair of Beasts)

   [amulet of guardian spirit]

   It causes incoming damage to be divided between your reserves of health and
   magic.
   Str:       It affects your strength (-2).
   rN:        It protects you from negative energy.
   rCorr:     It protects you from acid and corrosion.
 R - a ring of flight
Wands
 s - a wand of flame (31)
 x - a wand of mindburst (4)
 C - a wand of paralysis (2)
 G - a wand of iceblast (2)
 Q - a wand of polymorph (3)
 S - a wand of acid (6)
Scrolls
 h - 2 scrolls of amnesia
 i - a scroll of enchant armour {unknown}
 k - a scroll of magic mapping {unknown}
 m - 3 scrolls of noise
 n - 2 scrolls of fear
 o - a scroll of acquirement {unknown}
 u - 2 scrolls of vulnerability {unknown}
 v - a scroll of immolation {unknown}
 z - a scroll of silence {unknown}
 B - 3 scrolls of teleportation
 D - a scroll of blinking
 E - 3 scrolls of enchant weapon
 T - a scroll of identify
Potions
 d - a potion of resistance {unknown}
 g - 2 potions of brilliance
 j - 2 potions of degeneration
 p - a potion of flight {unknown}
 A - 5 potions of lignification
 I - 3 potions of ambrosia {unknown}
 J - a potion of invisibility {unknown}
 K - 3 potions of attraction
 L - 2 potions of cancellation
Miscellaneous
 V - a phial of floods


   Skills:
 + Level 11.6 Fighting
 + Level 15.8(16.9) Axes
 - Level 8.4(12.0) Maces & Flails
 - Level 8.0 Throwing
 + Level 12.3 Armour
 + Level 3.4 Dodging
 + Level 11.5 Shields
 - Level 2.8 Spellcasting
 - Level 5.1 Invocations
 - Level 3.4 Evocations


You had 19 spell levels left.
You didn't know any spells.
Your spell library contained the following spells:

 Spells                   Type           Power      Damage    Failure   Level
 Pain                     Necr           4%         1d4       94%         1
 Blink                    Tloc           2%         N/A       98%         2
 Lesser Beckoning         Tloc           1%         N/A       100%        3
 Stone Arrow              Conj/Erth      2%         3d7       100%        3
 Summon Guardian Golem    Hex/Summ       1%         N/A       100%        3
 Animate Armour           Summ/Erth      2%         N/A       100%        4
 Agony                    Necr           1%         N/A       100%        5
 Alistair's Intoxication  Tmut/Pois      0%         N/A       100%        5
 Borgnjor's Vile Clutch   Necr/Erth      0%         N/A       100%        5
 Excruciating Wounds      Necr           0%         N/A       100%        5
 Manifold Assault         Tloc           1%         N/A       100%        5
 Eringya's Noxious Bog    Tmut/Pois      0%         N/A       100%        6
 Orb of Destruction       Conj           0%         N/A       100%        7
 Spellforged Servitor     Conj/Summ      0%         N/A       100%        7
 Lehudib's Crystal Spear  Conj/Erth      0%         10d2      100%        8


Dungeon Overview and Level Annotations

Branches:
Dungeon (10/15)            Temple (1/1) D:6            Lair (4/6) D:10
 Shoals (0/4) Lair:3        Snake (0/4) Lair:4
    Orc: D:9-12

Altars:
Ashenzari
Dithmenos
Elyvilon
Fedhas
Gozag
Hepliaklqana
Kikubaaqudgha
Makhleb
Nemelex Xobeh
Qazlal
Ru
Sif Muna
Xom
Yredelemnul
Zin
The Shining One

Shops:
D:3 ([(

Annotations:
Lair:6 2 runed translucent doors


Message History

You are engulfed in calcifying dust.
The catoblepas gores you but does no damage.
The cane toad stings you!
The five-headed hydra bites you but does no damage. x3
The five-headed hydra bites you.
The five-headed hydra bites you but does no damage.
You are engulfed in calcifying dust.
The cane toad stings you but does no damage.
The catoblepas gores you!! The five-headed hydra bites you!
The five-headed hydra bites you but does no damage. x2
The five-headed hydra bites you!
* * * LOW HITPOINT WARNING * * *
The five-headed hydra bites you.
* * * LOW HITPOINT WARNING * * *
You are engulfed in calcifying dust.
The cane toad stings you. The catoblepas barely misses you.
The five-headed hydra bites you.
* * * LOW HITPOINT WARNING * * *
The five-headed hydra bites you but does no damage. x4
You are engulfed in calcifying dust.
The cane toad stings you!
* * * LOW HITPOINT WARNING * * *
The catoblepas gores you but does no damage.
The cane toad stings you but does no damage.
The five-headed hydra bites you but does no damage.
The five-headed hydra bites you!
* * * LOW HITPOINT WARNING * * *
The five-headed hydra bites you but does no damage. x2
The five-headed hydra bites you.
* * * LOW HITPOINT WARNING * * *
The catoblepas gores you!
* * * LOW HITPOINT WARNING * * *
The cane toad stings you!
* * * LOW HITPOINT WARNING * * *
The five-headed hydra bites you but does no damage. x2
The five-headed hydra bites you.
* * * LOW HITPOINT WARNING * * *
The five-headed hydra bites you but does no damage. x2
The catoblepas gores you!
* * * LOW HITPOINT WARNING * * *
The cane toad stings you. The five-headed hydra bites you.
You die...

#P...#.###....#.##†#......
##.††### #########.##.#.#.
##...## ## #########
#.....## ## #.## #
##P.....##.##.... #
#.......÷........ ##
##....÷÷......... #.
#.......$....... #.
##......@....... ##.
#.....DYF...... ##..
#............... #§§.
#..............# ##≈§.
..(....?.......# #≈§..
..............# #§§..
#.............# #≈≈≈...
#.............# #≈≈§...
#§≈§...


You could see a catoblepas, a five-headed hydra and a cane toad.

Vanquished Creatures
  4 hydras
  2 boulder beetles (Lair:2)
  5 death yaks (Lair:4)
  2 two-headed ogres
  A fire crab (Lair:6)
  Pikel (D:4)
  2 lindwurms
  A cyclops (D:9)
  A deep elf pyromancer (D:10)
  6 elephants (Lair:6)
  2 merfolk sirens (Lair:3)
  A molten gargoyle (Lair:6)
  10 black mambas
  11 cane toads
  11 komodo dragons
  A kobold demonologist (D:6)
  2 merfolk (Lair:3)
  A polar bear (Lair:6)
  A troll (D:10)
  2 jumping spiders (Lair:2)
  A hornet (D:9)
  10 blink frogs
  2 redbacks (Lair:2)
  A shadow (D:9)
  8 wyverns
  2 hogs (Lair:4)
  19 yaks
  3 basilisks
  4 steam dragons
  16 water moccasins
  3 hell hounds (Lair:6)
  4 orc warriors
  An ice beast (D:7)
  3 sky beasts
  4 black bears
  3 ogres
  11 wolves
  7 centaurs
  A phantom (D:6)
  Blork the orc (D:4)
  2 kobold brigands
  A gnoll sergeant (D:9)
  10 bullfrogs
  A scorpion (D:4)
  A water moccasin skeleton (D:6)
  A wyvern skeleton (D:7)
  5 wights (D:10)
  2 electric eels
  7 howler monkeys
  4 lava snakes
  2 bullfrog skeletons (D:6)
  4 centaur zombies
  3 hounds
  4 jellies
  4 orc priests
  2 gnoll shamans
  2 iguanas (D:6)
  3 orc wizards
  Natasha (D:2)
  A scorpion zombie (D:5)
  A hound skeleton (D:5)
  A howler monkey skeleton (D:5)
  12 gnolls
  8 adders
  A shadow imp (D:5)
  A white imp (D:7)
  2 ufetubi (D:6)
  An adder zombie (D:5)
  An adder skeleton (D:4)
  2 dart slugs
  9 orcs
  A bat (D:3)
  3 endoplasms (D:1)
  3 giant cockroaches
  4 goblins
  7 hobgoblins
  8 kobolds
  2 quokkas
  5 ball pythons
  3 frilled lizards (D:2)
  2 rats
308 creatures vanquished.

Vanquished Creatures (others)
  Kirke (Lair:4)
  A molten gargoyle (Lair:6)
  3 bushes
  40 fungi
  44 plants
89 creatures vanquished.

Grand Total: 397 creatures vanquished

Notes
Turn   | Place    | Note
-------+----------+-------------------------------------------
     0 | D:1      | hansi the Hill Orc Fighter began the quest for the Orb.
     0 | D:1      | Reached XP level 1. HP: 19/19 MP: 1/1
     2 | D:1      | Noticed a naga
     2 | D:1      | Noticed a demonspawn
     4 | D:1      | Noticed a minotaur
     4 | D:1      | Noticed a ghoul
     6 | D:1      | Noticed a troll
     8 | D:1      | Noticed a gargoyle
     8 | D:1      | Noticed a tengu
    12 | D:1      | Noticed a felid
    14 | D:1      | Noticed a dwarf
    14 | D:1      | Noticed a merfolk
    16 | D:1      | Noticed an elf
    16 | D:1      | Noticed a vine stalker
    18 | D:1      | Noticed an ogre
    18 | D:1      | Noticed a vampire
    20 | D:1      | Noticed an octopode
    20 | D:1      | Noticed a spriggan
    22 | D:1      | Noticed a demigod
    24 | D:1      | Noticed a draconian
    24 | D:1      | Noticed a human
    26 | D:1      | Noticed a formicid
   139 | D:1      | Found a faded altar of an unknown god.
   258 | D:1      | Reached skill level 3 in Axes
   258 | D:1      | Reached XP level 2. HP: 27/27 MP: 2/2
   754 | D:2      | Noticed Natasha
   764 | D:2      | Killed Natasha
   765 | D:2      | Reached XP level 3. HP: 23/33 MP: 3/3
  1005 | D:2      | Reached skill level 4 in Axes
  1140 | D:2      | Reached XP level 4. HP: 39/40 MP: 4/4
  1632 | D:3      | Found Notoren's Weapon Shop.
  1972 | D:3      | Found Zestitat's Antique Weapon Emporium.
  1995 | D:3      | Found Xiellemo's Armour Shoppe.
  2004 | D:3      | Bought a +0 helmet for 45 gold pieces
  2585 | D:4      | Noticed a sky beast
  2590 | D:4      | Killed a sky beast
  2591 | D:4      | Reached skill level 5 in Axes
  2591 | D:4      | Reached skill level 1 in Throwing
  2591 | D:4      | Reached XP level 5. HP: 47/47 MP: 5/5
  2611 | D:4      | Reached XP level 6. HP: 44/53 MP: 6/6
  2904 | D:4      | Noticed Blork the orc
  2932 | D:4      | Killed Blork the orc
  2975 | D:4      | Noticed Pikel
  3021 | D:4      | Killed Pikel
  3022 | D:4      | Reached skill level 5 in Fighting
  3022 | D:4      | Reached skill level 7 in Axes
  3022 | D:4      | Reached skill level 5 in Armour
  3022 | D:4      | Reached skill level 5 in Shields
  3022 | D:4      | Reached XP level 7. HP: 55/61 MP: 7/7
  3444 | D:5      | Entered Level 5 of the Dungeon
  3480 | D:5      | Reached XP level 8. HP: 66/70 MP: 8/8
  3780 | D:5      | Found a shadowy altar of Dithmenos.
  4039 | D:5      | Reached skill level 8 in Axes
  4468 | D:6      | Found a white marble altar of Elyvilon.
  4593 | D:6      | Found a staircase to the Ecumenical Temple.
  4610 | Temple   | Entered the Ecumenical Temple
  4645 | Temple   | Became a worshipper of Makhleb the Destroyer
  4800 | D:6      | Found a shimmering altar of Xom.
  4801 | D:6      | Found a shimmering altar of Xom.
  4802 | D:6      | Found a shimmering altar of Xom.
  4804 | D:6      | Found a shimmering altar of Xom.
  4808 | D:6      | Found a shimmering altar of Xom.
  4838 | D:6      | Reached skill level 9 in Axes
  4838 | D:6      | Reached XP level 9. HP: 36/78 MP: 9/9
  5043 | D:6      | Noticed a kobold demonologist
  5047 | D:6      | Noticed a sun demon
  5069 | D:6      | Noticed an orange demon
  5085 | D:6      | Killed a kobold demonologist
  5137 | D:6      | Reached skill level 10 in Axes
  5723 | D:7      | Reached * piety under Makhleb
  6022 | D:7      | Reached XP level 10. HP: 65/88 MP: 10/10
  6649 | D:7      | Reached skill level 11 in Axes
  6877 | D:8      | Found a glowing golden altar of the Shining One.
  7283 | D:9      | Noticed a cyclops
  7290 | D:9      | Reached skill level 5 in Throwing
  7302 | D:9      | Killed a cyclops
  7352 | D:9      | Noticed a two-headed ogre
  7370 | D:9      | Killed a two-headed ogre
  7371 | D:9      | Reached skill level 12 in Axes
  7462 | D:9      | Reached ** piety under Makhleb
  7594 | D:9      | Noticed a centaur warrior
  7816 | D:9      | Paralysed by a hornet for 1 turns
  8022 | D:9      | Reached skill level 1 in Maces & Flails
  8565 | D:9      | Identified the +1 scale mail "Verogex" {rElec rN+}
  8607 | D:10     | Entered Level 10 of the Dungeon
  8759 | D:10     | Reached XP level 11. HP: 94/95 MP: 11/11
  9117 | D:10     | Found a staircase to the Lair.
  9194 | D:10     | Noticed a two-headed ogre
  9218 | D:10     | Killed a two-headed ogre
  9344 | D:10     | Noticed a deep elf pyromancer
  9359 | D:10     | Killed a deep elf pyromancer
  9360 | D:10     | Reached skill level 13 in Axes
  9838 | Lair:1   | Entered Level 1 of the Lair of Beasts
 11318 | Lair:2   | Noticed a four-headed hydra
 11687 | Lair:1   | Killed a five-headed hydra
 12070 | Lair:2   | Reached skill level 14 in Axes
 12365 | Lair:2   | Reached XP level 12. HP: 60/106 MP: 12/12
 12706 | Lair:2   | Reached *** piety under Makhleb
 13211 | Lair:2   | Found a runed translucent door.
 13502 | Lair:2   | Reached skill level 10 in Fighting
 13513 | Lair:2   | Found a runed translucent gate.
 13513 | Lair:2   | Noticed a boulder beetle
 13513 | Lair:2   | Noticed a boulder beetle
 13514 | Lair:2   | Found a runed translucent gate.
 13514 | Lair:2   | Identified the +0 hat of Olatsuff {SInv}
 13516 | Lair:2   | Found a runed translucent gate.
 13516 | Lair:2   | Found a runed translucent gate.
 13516 | Lair:2   | Found a runed translucent gate.
 13631 | Lair:2   | Found a runed translucent gate.
 13658 | Lair:2   | Killed a boulder beetle
 13696 | Lair:2   | Killed a boulder beetle
 14451 | Lair:2   | Identified the amulet of Thoughtfulness {Spirit rN+ rCorr
                  | Str-2}
 14465 | Lair:2   | Reached skill level 15 in Axes
 14465 | Lair:2   | Reached skill level 5 in Invocations
 14465 | Lair:2   | Reached XP level 13. HP: 113/113 MP: 12/17
 14466 | Lair:2   | Reached skill level 10 in Armour
 14466 | Lair:2   | Reached skill level 10 in Shields
 14466 | Lair:2   | Reached XP level 14. HP: 121/121 MP: 12/18
 14858 | Lair:3   | Found a staircase to the Shoals.
 16268 | Lair:4   | Noticed Kirke
 16316 | Lair:4   | Killed Kirke
 16665 | Lair:4   | Identified the +5 chain mail "Rullaniz" {rElec}
 16790 | Lair:4   | Reached **** piety under Makhleb
 16861 | Lair:4   | Found a staircase to the Snake Pit.
 17624 | Lair:4   | You fall into a shaft and drop 2 floors!
 17624 | Lair:6   | Entered Level 6 of the Lair of Beasts
 17658 | Lair:6   | Found a large runed translucent door.
 17672 | Lair:6   | Found a large runed translucent door.
 17949 | Lair:6   | Reached XP level 15. HP: 113/130 MP: 19/19
 19439 | Lair:6   | HP: 1/132 [catoblepas (6)]
 19439 | Lair:6   | Slain by a five-headed hydra

Illustrated notes

Levels and vault maps discovered:
D:1:      kb_arrival_jail, layout_rooms, serial_forest,
          infiniplex_forest_clump_curved, infiniplex_forest_straight_4,
          infiniplex_forest_lined_2, infiniplex_forest_clump_tiny,
          infiniplex_forest_clump_tiny, infiniplex_forest_split,
          infiniplex_forest_clump_cross, shapermc_ecumenical_altar_starsandcircs
D:2:      layout_loops_ring, uniq_natasha
D:3:      layout_rooms, serial_shops, shop, nicolae_lakefront_shop, shop,
          st_stairs_12
D:4:      layout_layer_cave, portal_sewer_entry_e, uniq_blork_the_orc,
          uniq_pikel
D:5:      layout_loops_corners, grunt_dithmenos_smoke_and_mirrors
D:6:      cheibrodos_barr_body, layout_gridville, xom_redecorated,
          elyvilon_altar_3, minivault_27, serial_bayou_pond_b, abandoned_shop
D:7:      layout_cave_pods
D:8:      layout_basic, overflow_temple_1_default, minmay_misc_feat_enclosed
D:9:      layout_loops_ring, lightli_corner_chamber
D:10:     layout_basic, lair_entry_dummy
Temple:   regret_index_temple_mists
Lair:1:   layout_roguey, beast_lair_carwin_1, grunt_megastairs_2
Lair:2:   gammafunk_indiana_jones, layout_big_grid, infiniplex_staircase_pool_2
Lair:3:   layout_roguey, elwin_shoals_entry_stream,
          chequers_serial_rivers_small_a
Lair:4:   layout_regular_city, minmay_snake_entry_six_corridors,
          gauntlet_entry_generic, serial_bayou_pond_d, uniq_kirke
Lair:6:   cheibrodos_lair_end_hotspot, layout_long_grid,
          infiniplex_staircase_pool

Skill      XL: |  1  2  3  4  5  6  7  8  9 10 11 12 13 14 15 |
---------------+----------------------------------------------+-----
Axes           | 3 4 5 7 9 10 12 14 15 | 15.8
Fighting       | 4 5 6 7 8 9 10 11 | 11.6
Armour         | 4 5 6 7 8 9 10 12 | 12.3
Throwing       | 1 2 3 4 5 6 7 8 |  8.0
Shields        | 4 5 6 7 8 9 10 11 | 11.5
Maces & Flails | 1 4 6 8 |  8.4
Spellcasting   | 2 |  2.8
Invocations    | 5 |  5.1
Dodging        | 2 3 |  3.4
Evocations     | 3 |  3.4

Action                   |  1- 3 |  4- 6 |  7- 9 | 10-12 | 13-15 || total
-------------------------+-------+-------+-------+-------+-------++-------
Melee: War axe           |    75 |   100 |   318 |   436 |   524 ||  1453
       Whip              |       |       |       |   236 |   195 ||   431
Throw: Stone             |     1 |     1 |       |       |       ||     2
Invok: Minor Destruction |       |       |       |       |     5 ||     5
Evoke: Wand              |       |       |       |    14 |       ||    14
  Use: Scroll            |       |     5 |     4 |     9 |       ||    18
       Potion            |       |     2 |     2 |     7 |     1 ||    12
 Stab: Petrified         |       |       |       |       |     1 ||     1
Armor: Scale mail        |    35 |     8 |       |       |       ||    43
       Chain mail        |       |    49 |   145 |       |       ||   194
       Plate armour      |       |       |    17 |   295 |   348 ||   660
Dodge: Dodged            |    38 |    38 |   108 |   157 |   183 ||   524
Block: Buckler           |    14 |    23 |   101 |   309 |   374 ||   821
       Reflection        |       |       |     2 |    15 |       ||    17

Table legend: (Time is in decaauts)
 A = Elapsed time spent in this place.
 B = Non-inter-level travel time spent in this place.
 C = Inter-level travel time spent in this place.
 D = Time resting spent in this place.
 E = Time spent auto-exploring this place.
 F = Levels seen in this place.
 G = Mean time per level.
                   A        B        C        D        E       F      G
               +--------+--------+--------+--------+--------+-----+--------+
         Total |  19116 |  18601 |    515 |   5616 |   9888 |  16 | 1194.8 |
       Dungeon |   9812 |   9370 |    442 |    886 |   6756 |  10 |  981.2 |
        Temple |     66 |     48 |     18 |      0 |     30 |   1 |   66.0 |
          Lair |   9236 |   9181 |     55 |   4730 |   3101 |   5 | 1847.2 |
               +--------+--------+--------+--------+--------+-----+--------+

Top non-repeatable levels by time:
  Lair:2: 2674 daAuts
  Lair:1: 1979 daAuts
  Lair:6: 1669 daAuts
  Lair:3: 1577 daAuts
  Lair:4: 1336 daAuts
     D:9: 1313 daAuts
     D:4: 1273 daAuts
    D:10: 1223 daAuts
     D:6: 1170 daAuts
     D:7: 1111 daAuts
     D:5: 969 daAuts
     D:2: 799 daAuts
     D:1: 766 daAuts
     D:3: 656 daAuts
     D:8: 529 daAuts
